Detroit Red Wings vs Montreal Canadiens
(R1)
Created - Tuesday, May 27, 2025 at 08:02
Goals
|
| Detroit Red Wings |
1 |
0 |
2 |
3 |
| Montreal Canadiens |
0 |
2 |
3 |
5 |
|
Shots
|
| Detroit Red Wings |
7 |
6 |
20 |
33 |
| Montreal Canadiens |
6 |
12 |
15 |
33 |
|
1st period
1. Detroit Red Wings , Daniel Sprong 23 (Shayne Gostisbehere 29) at 11:27
Penalties :
Brendan Gallagher (DET) for Roughing (Minor) at 1:25, Steven Stamkos (DET) for Tripping (Minor) at 13:07
2nd period
2. Montreal Canadiens , Vladimir Tarasenko 18 (Dylan Larkin 51) at 3:22
3. Montreal Canadiens , Vladimir Tarasenko 19 (Dylan Larkin 52) at 11:55
Penalties :
No Penalty
3rd period
4. Montreal Canadiens , Dylan Larkin 43 (Juraj Slafkovsky 21, Brady Skjei 21) at 0:36
5. Montreal Canadiens , Vladimir Tarasenko 20 (Dylan Larkin 53, Teddy Blueger 19) at 3:14
6. Montreal Canadiens , Aliaksei Protas 11 (Adam Fox 31) at 5:01
7. Detroit Red Wings , Mika Zibanejad 50 (Carter Verhaeghe 47, Shayne Gostisbehere 30) at 5:27 (PP)
8. Detroit Red Wings , Mika Zibanejad 51 (Carter Verhaeghe 48, Calvin Pickard) at 16:15 (PP)
Penalties :
Patrik Laine (MTL) for Goalie Interference (Minor) at 1:00, Brady Skjei (MTL) for Slashing (Minor) at 5:20, Brendan Gallagher (DET) for Tripping (Minor) at 7:43, Zach Bogosian (DET) for Interference (Minor) at 11:47, Ilya Lyubushkin (MTL) for Roughing (Minor) at 16:04
Goalie Stats
Calvin Pickard (DET), 28 saves from 33 shots - (0.848), L, 25-23-1, 60:00 minutes
David Rittich (MTL), 30 saves from 33 shots - (0.909), W, 13-33-2, 60:00 minutes
Players Stats for Detroit Red Wings
Player Name G A P +/- PIM S H SB GA TA FO MP PP MP PK MP
------------------------------------------------------------------------------------
Brendan Gallagher 0 0 0 0 4 0 0 0 1 0 0/0 8:38 0:00 0:00
Carter Verhaeghe 0 2 2 0 0 2 1 1 0 0 0/0 16:26 1:09 0:00
Christian Fischer 0 0 0 -1 0 3 1 0 0 0 0/1 14:57 0:00 4:06
Daniel Sprong 1 0 1 -1 0 3 0 0 0 0 0/0 11:09 0:00 0:01
Erik Brannstrom 0 0 0 -1 0 1 0 1 0 0 0/0 11:26 1:13 0:00
Jackson LaCombe 0 0 0 -1 0 1 1 2 0 1 0/0 21:32 0:00 4:08
Jared McCann 0 0 0 -3 0 0 0 0 1 0 1/2 16:51 1:08 0:00
Jeff Petry 0 0 0 -3 0 3 2 2 0 0 0/0 26:33 1:13 3:48
Keegan Kolesar 0 0 0 0 0 1 0 0 0 0 0/1 11:47 0:00 3:39
Kevin Stenlund 0 0 0 0 0 0 1 0 1 2 5/8 11:50 0:00 3:36
Mika Zibanejad 2 0 2 0 0 4 3 1 0 0 15/25 20:32 1:09 4:07
Patrick Kane 0 0 0 -3 0 3 1 0 0 1 0/1 16:56 1:08 0:00
Shayne Gostisbehere 0 2 2 -1 0 3 0 2 1 0 0/0 18:15 1:04 0:00
Steven Stamkos 0 0 0 -3 2 5 3 0 2 0 9/22 17:40 1:08 0:23
Tyler Johnson 0 0 0 0 0 1 0 1 0 0 0/0 16:23 1:09 0:00
Yakov Trenin 0 0 0 -1 0 1 2 3 0 0 3/5 15:48 0:00 3:48
Zach Bogosian 0 0 0 0 2 1 0 1 0 0 0/0 9:53 0:00 0:00
Zachary Werenski 0 0 0 -2 0 1 0 1 0 1 0/0 25:24 1:04 4:08
Players Stats for Montreal Canadiens
Player Name G A P +/- PIM S H SB GA TA FO MP PP MP PK MP
------------------------------------------------------------------------------------
Adam Fox 0 1 1 1 0 4 5 1 0 2 0/0 26:55 4:28 1:04
Alex Iafallo 0 0 0 -1 0 2 0 0 0 1 0/0 10:04 0:00 1:15
Aliaksei Protas 1 0 1 1 0 4 0 2 0 0 1/3 12:44 0:00 1:02
Andreas Athanasiou 0 0 0 -1 0 0 0 0 0 0 0/1 10:04 0:00 1:15
Brady Skjei 0 1 1 1 2 1 1 5 0 0 0/0 26:36 3:28 1:08
Damon Severson 0 0 0 2 0 0 3 2 0 1 0/0 20:08 4:28 1:20
Dylan Larkin 1 3 4 4 0 4 1 0 0 1 12/20 18:55 4:00 0:00
Ethen Frank 0 0 0 -1 0 1 1 0 0 0 0/3 8:49 0:00 0:00
Evgeni Dadonov 0 0 0 1 0 0 1 0 1 0 0/0 11:40 0:00 0:00
Ilya Lyubushkin 0 0 0 2 2 1 0 0 0 0 0/0 19:40 3:28 1:02
Jack Johnson 0 0 0 1 0 1 0 1 0 0 0/0 13:07 0:00 0:00
Jayden Struble 0 0 0 1 0 1 0 2 0 1 0/0 12:59 0:00 0:00
Juraj Slafkovsky 0 1 1 4 0 0 1 0 0 0 1/2 18:51 4:00 0:00
Martin Necas 0 0 0 0 0 8 0 1 1 0 0/1 18:35 4:00 0:00
Patrik Laine 0 0 0 0 2 1 0 1 1 0 0/2 18:25 3:56 0:00
Ryan Poehling 0 0 0 1 0 0 0 0 0 0 4/7 11:53 0:00 0:00
Teddy Blueger 0 1 1 0 0 0 0 1 0 0 14/24 19:21 3:56 1:02
Vladimir Tarasenko 3 0 3 4 0 5 1 1 2 0 0/2 18:54 3:56 0:00
3 Stars
1 - Vladimir Tarasenko (MTL)
2 - Dylan Larkin (MTL)
3 - Mika Zibanejad (DET)
Power Play
Detroit Red Wings - 2 on 3 Attempt(s) - 66.67%
Montreal Canadiens - 0 on 4 Attempt(s) - 0.00%
Penalty Kill
Detroit Red Wings - 4 on 4 Attempt(s) - 100.00%
- Score 0 goal in Penalty Kill
Montreal Canadiens - 1 on 3 Attempt(s) - 33.33%
- Score 0 goal in Penalty Kill
Team Stat
Detroit Red Wings - Hits : 15 - Faceoff Wins : 33 - Blocked Shots : 15 - Penalty Minutes : 8
Montreal Canadiens - Hits : 14 - Faceoff Wins : 32 - Blocked Shots : 17 - Penalty Minutes : 6
Official
Referees : Brandon Schrader and Reid Anderson
Linesman : Libor Suchanek and Steve Barton
Game Notes
Vladimir Tarasenko has scored a Hat Trick!
Finance
Level 1 -- Attendance: 5455 (90.92%) -- Ticket Income $507,315
Level 2 -- Attendance: 4868 (97.36%) -- Ticket Income $258,004
Level 3 -- Attendance: 2973 (99.10%) -- Ticket Income $95,136
Level 4 -- Attendance: 4945 (98.90%) -- Ticket Income $108,790
Luxury Box -- Attendance: 809 (80.90%) -- Ticket Income $157,755
Game was played at the Bell Centre.
Total Attendance: 19050 (95.25%)
Total Ticket Income: $1,127,000
Other Income: $394,450
Total Income: $1,521,450
Detroit Red Wings
5 vs 5 Forward
Center Left Wing Right Wing Time % Phy DF OF
1 Steven Stamkos Jared McCann Patrick Kane 35 1 2 2
2 Mika Zibanejad Carter Verhaeghe Tyler Johnson 35 1 1 3
3 Yakov Trenin Daniel Sprong Christian Fischer 20 1 2 2
4 Kevin Stenlund Brendan Gallagher Keegan Kolesar 10 2 2 1
5 vs 5 Defense
Defense Defense Time % Phy DF OF
1 Zachary Werenski Jeff Petry 40 1 2 2
2 Shayne Gostisbehere Jackson LaCombe 30 1 2 2
3 Erik Brannstrom Zach Bogosian 20 3 1 1
4 Shayne Gostisbehere Jackson LaCombe 10 1 2 2
PowerPlay Forward
Center Left Wing Right Wing Time % Phy DF OF
1 Steven Stamkos Jared McCann Patrick Kane 50 0 1 4
2 Mika Zibanejad Carter Verhaeghe Tyler Johnson 50 0 1 4
PowerPlay Defense
Defense Defense Time % Phy DF OF
1 Shayne Gostisbehere Zachary Werenski 50 1 2 2
2 Erik Brannstrom Jeff Petry 50 1 2 2
Penalty Kill 4 Players Forward
Center Wing Time % Phy DF OF
1 Mika Zibanejad Christian Fischer 50 2 2 1
2 Kevin Stenlund Keegan Kolesar 50 2 2 1
Penalty Kill 4 Players Defense
Defense Defense Time % Phy DF OF
1 Zachary Werenski Jackson LaCombe 50 2 2 1
2 Yakov Trenin Jeff Petry 50 2 2 1
Penalty Kill - 3 Players Forward
Forward Time % Phy DF OF
1 Mika Zibanejad 50 1 2 2
2 Steven Stamkos 50 1 2 2
Penalty Kill - 3 Players Defense
Defense Defense Time % Phy DF OF
1 Zachary Werenski Jackson LaCombe 50 1 2 2
2 Yakov Trenin Jeff Petry 50 2 2 1
4 vs 4 Forward
Center Wing Time % Phy DF OF
1 Mika Zibanejad Carter Verhaeghe 60 1 2 2
2 Steven Stamkos Patrick Kane 40 1 1 3
4 vs 4 Defense
Defense Defense Time % Phy DF OF
1 Zachary Werenski Shayne Gostisbehere 60 1 2 2
2 Jackson LaCombe Jeff Petry 40 1 2 2
Last Minutes Offensive
Center Left Wing Right Wing Defense Defense
Mika Zibanejad Steven Stamkos Carter Verhaeghe Zachary Werenski Jackson LaCombe
Last Minutes Defensive
Center Left Wing Right Wing Defense Defense
Mika Zibanejad Steven Stamkos Carter Verhaeghe Zachary Werenski Jackson LaCombe
Goaltenders
Starting : Calvin Pickard
Backup : Laurent Brossoit
Extra Forwards
Normal : Yakov Trenin, Christian Fischer, Daniel Sprong - PP : Kevin Stenlund, Daniel Sprong - PK : Steven Stamkos
Extra Defensemen
Normal : Shayne Gostisbehere, Jackson LaCombe, Zach Bogosian - PP : Shayne Gostisbehere - PK : Shayne Gostisbehere, Jackson LaCombe
Penalty Shots
Mika Zibanejad, Steven Stamkos, Patrick Kane, Carter Verhaeghe, Jared McCann
Scratches
Alexander Barabanov (Healthy), Kevin Shattenkirk (Healthy), Peyton Krebs (Healthy), Raphael Lavoie (Healthy), Vitek Vanecek (Healthy)
Montreal Canadiens
5 vs 5 Forward
Center Left Wing Right Wing Time % Phy DF OF
1 Dylan Larkin Juraj Slafkovsky Vladimir Tarasenko 35 0 2 3
2 Teddy Blueger Patrik Laine Martin Necas 35 0 2 3
3 Ryan Poehling Evgeni Dadonov Aliaksei Protas 20 1 2 2
4 Ethen Frank Alex Iafallo Andreas Athanasiou 10 1 2 2
5 vs 5 Defense
Defense Defense Time % Phy DF OF
1 Adam Fox Brady Skjei 35 1 3 1
2 Damon Severson Ilya Lyubushkin 30 1 3 1
3 Jayden Struble Jack Johnson 20 1 3 1
4 Adam Fox Brady Skjei 15 1 3 1
PowerPlay Forward
Center Left Wing Right Wing Time % Phy DF OF
1 Dylan Larkin Juraj Slafkovsky Martin Necas 50 0 0 5
2 Teddy Blueger Vladimir Tarasenko Patrik Laine 50 0 0 5
PowerPlay Defense
Defense Defense Time % Phy DF OF
1 Damon Severson Adam Fox 50 0 0 5
2 Brady Skjei Ilya Lyubushkin 50 0 0 5
Penalty Kill 4 Players Forward
Center Wing Time % Phy DF OF
1 Aliaksei Protas Teddy Blueger 50 0 5 0
2 Andreas Athanasiou Alex Iafallo 50 0 5 0
Penalty Kill 4 Players Defense
Defense Defense Time % Phy DF OF
1 Adam Fox Brady Skjei 50 0 5 0
2 Damon Severson Ilya Lyubushkin 50 0 5 0
Penalty Kill - 3 Players Forward
Forward Time % Phy DF OF
1 Aliaksei Protas 50 0 5 0
2 Teddy Blueger 50 0 5 0
Penalty Kill - 3 Players Defense
Defense Defense Time % Phy DF OF
1 Adam Fox Brady Skjei 50 0 5 0
2 Damon Severson Ilya Lyubushkin 50 0 5 0
4 vs 4 Forward
Center Wing Time % Phy DF OF
1 Dylan Larkin Martin Necas 50 1 2 2
2 Aliaksei Protas Vladimir Tarasenko 50 1 2 2
4 vs 4 Defense
Defense Defense Time % Phy DF OF
1 Damon Severson Adam Fox 50 1 3 1
2 Brady Skjei Ilya Lyubushkin 50 1 3 1
Last Minutes Offensive
Center Left Wing Right Wing Defense Defense
Dylan Larkin Juraj Slafkovsky Martin Necas Adam Fox Brady Skjei
Last Minutes Defensive
Center Left Wing Right Wing Defense Defense
Dylan Larkin Teddy Blueger Aliaksei Protas Adam Fox Brady Skjei
Goaltenders
Starting : David Rittich
Backup : Alexei Kolosov
Extra Forwards
Normal : Dylan Larkin, Juraj Slafkovsky, Martin Necas - PP : Dylan Larkin, Juraj Slafkovsky - PK : Teddy Blueger
Extra Defensemen
Normal : Brady Skjei, Damon Severson, Adam Fox - PP : Adam Fox - PK : Damon Severson, Brady Skjei
Penalty Shots
Dylan Larkin, Vladimir Tarasenko, Martin Necas, Juraj Slafkovsky, Andreas Athanasiou
Scratches
Jake Evans (Healthy), Calle Clang (Healthy)
% Time on Ice - Detroit Red Wings
Lines # - Real PCT - Wanted PCT - Time Play
Normal Forward
1 - 33% - 35% - 16:16
2 - 32% - 35% - 15:52
3 - 19% - 20% - 9:42
4 - 16% - 10% - 7:57
Normal Defense
1 - 41% - 40% - 20:34
2 - 31% - 30% - 15:24
3 - 21% - 20% - 10:20
4 - 7% - 10% - 3:29
PP Forward
1 - 50% - 50% - 1:08
2 - 50% - 50% - 1:09
PP Defense
1 - 47% - 50% - 1:04
2 - 53% - 50% - 1:13
PK Forward
1 - 53% - 50% - 4:13
2 - 47% - 50% - 3:43
PK Defense
1 - 52% - 50% - 4:08
2 - 48% - 50% - 3:48
PK3 Forward
1 - 0% - 50%
2 - 0% - 50%
PK3 Defense
1 - 0% - 50%
2 - 0% - 50%
44 Forward
1 - 0% - 60%
2 - 0% - 40%
44 Defense
1 - 0% - 60%
2 - 0% - 40%
Last Minute Offensive - 0:00
Last Minute Defensive - 0:00
Total
Forward - 60:00
Defense - 60:00
|
% Time on Ice - Montreal Canadiens
Lines # - Real PCT - Wanted PCT - Time Play
Normal Forward
1 - 31% - 35% - 15:24
2 - 29% - 35% - 14:26
3 - 22% - 20% - 11:08
4 - 18% - 10% - 8:49
Normal Defense
1 - 34% - 35% - 17:08
2 - 30% - 30% - 14:50
3 - 25% - 20% - 12:39
4 - 10% - 15% - 5:10
PP Forward
1 - 50% - 50% - 4:00
2 - 50% - 50% - 3:56
PP Defense
1 - 56% - 50% - 4:28
2 - 44% - 50% - 3:28
PK Forward
1 - 45% - 50% - 1:02
2 - 55% - 50% - 1:15
PK Defense
1 - 47% - 50% - 1:04
2 - 53% - 50% - 1:13
PK3 Forward
1 - 0% - 50%
2 - 0% - 50%
PK3 Defense
1 - 0% - 50%
2 - 0% - 50%
44 Forward
1 - 0% - 50%
2 - 0% - 50%
44 Defense
1 - 0% - 50%
2 - 0% - 50%
Last Minute Offensive - 0:00
Last Minute Defensive - 0:00
Total
Forward - 60:00
Defense - 60:00
|
Play-by-Play
1st period
0:01 of 1st period - Dylan Larkin wins face-off versus Patrick Kane in neutral zone.
0:04 of 1st period - Zachary Werenski is hit by Adam Fox and loses puck.
1:17 of 1st period - Off-side.
1:18 of 1st period - Kevin Stenlund wins face-off versus Dylan Larkin in neutral zone.
1:23 of 1st period - Snap shot by Dylan Larkin.
1:23 of 1st period - Shot Blocked by Jackson LaCombe.
1:25 of 1st period - Minor Penalty to Brendan Gallagher for Roughing.
1:26 of 1st period - Dylan Larkin wins face-off versus Christian Fischer in Detroit Red Wings zone.
2:03 of 1st period - Slapshot by Patrik Laine.
2:03 of 1st period - Shot Misses the Net.
2:14 of 1st period - Icing by Juraj Slafkovsky.
2:15 of 1st period - Mika Zibanejad wins face-off versus Dylan Larkin in Montreal Canadiens zone.
2:38 of 1st period - Wrist shot by Christian Fischer.
2:38 of 1st period - Stopped by David Rittich without a rebound.
2:39 of 1st period - Mika Zibanejad wins face-off versus Teddy Blueger in Montreal Canadiens zone.
3:10 of 1st period - Zachary Werenski is hit by Adam Fox and loses puck.
3:25 of 1st period - Penalty to Brendan Gallagher is over, Brendan Gallagher is back on ice.
3:29 of 1st period - Snap shot by Keegan Kolesar.
3:29 of 1st period - Deflect By Vladimir Tarasenko.
3:29 of 1st period - Shot Blocked by Teddy Blueger.
3:29 of 1st period - Puck is out of play.
3:30 of 1st period - Ryan Poehling wins face-off versus Steven Stamkos in Montreal Canadiens zone.
3:43 of 1st period - Wrist shot by Steven Stamkos.
3:43 of 1st period - Stopped by David Rittich with a rebound.
3:45 of 1st period - Snap shot by Jared McCann.
3:45 of 1st period - Shot Blocked by Aliaksei Protas.
3:59 of 1st period - Snap shot by Daniel Sprong.
3:59 of 1st period - Shot Blocked by Aliaksei Protas.
5:30 of 1st period - Slapshot by Daniel Sprong.
5:30 of 1st period - Shot Blocked by Jack Johnson.
5:38 of 1st period - Wrist shot by Aliaksei Protas.
5:38 of 1st period - Shot Misses the Net.
5:40 of 1st period - Wrist shot by Aliaksei Protas.
5:40 of 1st period - Stopped by Calvin Pickard without a rebound.
5:41 of 1st period - Teddy Blueger wins face-off versus Mika Zibanejad in Detroit Red Wings zone.
5:42 of 1st period - Wrist shot by Martin Necas.
5:42 of 1st period - Shot Misses the Net.
5:48 of 1st period - Brady Skjei is hit by Mika Zibanejad and loses puck.
5:53 of 1st period - Snap shot by Carter Verhaeghe.
5:53 of 1st period - Deflect By Tyler Johnson.
5:53 of 1st period - Shot Blocked by Brady Skjei.
5:53 of 1st period - Puck is out of play.
5:54 of 1st period - Dylan Larkin wins face-off versus Steven Stamkos in Montreal Canadiens zone.
6:21 of 1st period - Teddy Blueger is hit by Jeff Petry and loses puck.
6:30 of 1st period - Wrist shot by Brady Skjei.
6:30 of 1st period - Stopped by Calvin Pickard with a rebound.
8:32 of 1st period - Tyler Johnson is hit by Dylan Larkin and loses puck.
8:43 of 1st period - Wrist shot by Carter Verhaeghe.
8:43 of 1st period - Shot Misses the Net.
9:19 of 1st period - Alex Iafallo is hit by Kevin Stenlund and loses puck.
10:16 of 1st period - Snap shot by Kevin Stenlund.
10:16 of 1st period - Shot Misses the Net.
10:50 of 1st period - Slapshot by Adam Fox.
10:50 of 1st period - Shot Misses the Net.
11:27 of 1st period - Snap shot by Daniel Sprong.
11:27 of 1st period - Goal by Daniel Sprong - Detroit Red Wings : 1 - Montreal Canadiens : 0.
11:28 of 1st period - Teddy Blueger wins face-off versus Steven Stamkos in neutral zone.
11:33 of 1st period - Snap shot by Patrik Laine.
11:33 of 1st period - Shot Misses the Net.
11:39 of 1st period - Wrist shot by Steven Stamkos.
11:39 of 1st period - Shot Misses the Net.
11:41 of 1st period - Slapshot by Steven Stamkos.
11:41 of 1st period - Stopped by David Rittich without a rebound.
11:42 of 1st period - Mika Zibanejad wins face-off versus Dylan Larkin in Montreal Canadiens zone.
11:43 of 1st period - Snap shot by Tyler Johnson.
11:43 of 1st period - Shot Blocked by Brady Skjei.
11:45 of 1st period - Slapshot by Jeff Petry.
11:45 of 1st period - Stopped by David Rittich without a rebound.
11:46 of 1st period - Juraj Slafkovsky wins face-off versus Mika Zibanejad in Montreal Canadiens zone.
12:04 of 1st period - Off-side.
12:05 of 1st period - Teddy Blueger wins face-off versus Steven Stamkos in neutral zone.
12:14 of 1st period - Wrist shot by Patrik Laine.
12:14 of 1st period - Shot Misses the Net.
12:47 of 1st period - Slapshot by Patrick Kane.
12:47 of 1st period - Shot Blocked by Vladimir Tarasenko.
12:59 of 1st period - Wrist shot by Dylan Larkin.
12:59 of 1st period - Shot Misses the Net.
13:07 of 1st period - Minor Penalty to Steven Stamkos for Tripping.
13:08 of 1st period - Kevin Stenlund wins face-off versus Teddy Blueger in Detroit Red Wings zone.
13:39 of 1st period - Off-side.
13:40 of 1st period - Mika Zibanejad wins face-off versus Dylan Larkin in neutral zone.
14:05 of 1st period - Christian Fischer is hit by Damon Severson and loses puck.
14:10 of 1st period - Wrist shot by Dylan Larkin.
14:10 of 1st period - Stopped by Calvin Pickard with a rebound.
14:12 of 1st period - Slapshot by Ilya Lyubushkin.
14:12 of 1st period - Shot Misses the Net.
14:14 of 1st period - Slapshot by Ilya Lyubushkin.
14:14 of 1st period - Deflect By Mika Zibanejad.
14:14 of 1st period - Stopped by Calvin Pickard without a rebound.
14:15 of 1st period - Kevin Stenlund wins face-off versus Teddy Blueger in Detroit Red Wings zone.
14:23 of 1st period - Off-side.
14:24 of 1st period - Teddy Blueger wins face-off versus Kevin Stenlund in neutral zone.
15:07 of 1st period - Penalty to Steven Stamkos is over, Steven Stamkos is back on ice.
15:14 of 1st period - Snap shot by Patrick Kane.
15:14 of 1st period - Shot Misses the Net.
15:24 of 1st period - Slapshot by Ryan Poehling.
15:24 of 1st period - Shot Misses the Net.
15:26 of 1st period - Snap shot by Evgeni Dadonov.
15:26 of 1st period - Shot Misses the Net.
15:36 of 1st period - Snap shot by Keegan Kolesar.
15:36 of 1st period - Shot Blocked by Brady Skjei.
15:38 of 1st period - Slapshot by Keegan Kolesar.
15:38 of 1st period - Shot Misses the Net.
15:40 of 1st period - Snap shot by Keegan Kolesar.
15:40 of 1st period - Shot Misses the Net.
15:42 of 1st period - Snap shot by Jeff Petry.
15:42 of 1st period - Stopped by David Rittich without a rebound.
15:43 of 1st period - Mika Zibanejad wins face-off versus Teddy Blueger in Montreal Canadiens zone.
16:08 of 1st period - Jayden Struble is hit by Jackson LaCombe and loses puck.
16:12 of 1st period - Icing by Juraj Slafkovsky.
16:13 of 1st period - Jared McCann wins face-off versus Dylan Larkin in Montreal Canadiens zone.
16:22 of 1st period - Patrick Kane is hit by Vladimir Tarasenko and loses puck.
16:35 of 1st period - Snap shot by Dylan Larkin.
16:35 of 1st period - Shot Misses the Net.
16:37 of 1st period - Slapshot by Vladimir Tarasenko.
16:37 of 1st period - Shot Blocked by Zach Bogosian.
16:39 of 1st period - Wrist shot by Vladimir Tarasenko.
16:39 of 1st period - Deflect By Dylan Larkin.
16:39 of 1st period - Shot Misses the Net.
16:39 of 1st period - Puck is out of play.
16:40 of 1st period - Mika Zibanejad wins face-off versus Martin Necas in Detroit Red Wings zone.
17:30 of 1st period - Icing by Jackson LaCombe.
17:31 of 1st period - Dylan Larkin wins face-off versus Steven Stamkos in Detroit Red Wings zone.
17:32 of 1st period - Snap shot by Vladimir Tarasenko.
17:32 of 1st period - Shot Hit the Post.
17:34 of 1st period - Slapshot by Adam Fox.
17:34 of 1st period - Stopped by Calvin Pickard with a rebound.
17:36 of 1st period - Slapshot by Dylan Larkin.
17:36 of 1st period - Deflect By Shayne Gostisbehere.
17:36 of 1st period - Stopped by Calvin Pickard without a rebound.
17:37 of 1st period - Mika Zibanejad wins face-off versus Patrik Laine in Detroit Red Wings zone.
17:37 of 1st period - Mika Zibanejad is hit by Adam Fox.
18:09 of 1st period - Snap shot by Steven Stamkos.
18:09 of 1st period - Shot Misses the Net.
18:11 of 1st period - Slapshot by Jackson LaCombe.
18:11 of 1st period - Stopped by David Rittich with a rebound.
19:48 of 1st period - Snap shot by Mika Zibanejad.
19:48 of 1st period - Shot Misses the Net.
19:50 of 1st period - Snap shot by Carter Verhaeghe.
19:50 of 1st period - Shot Blocked by Jayden Struble.
19:52 of 1st period - Snap shot by Mika Zibanejad.
19:52 of 1st period - Shot Blocked by Jayden Struble.
Goals for this period are 1 for Detroit Red Wings vs 0 for Montreal Canadiens.
Shots for this period are 7 for Detroit Red Wings vs 6 for Montreal Canadiens.
2nd period
0:01 of 2nd period - Teddy Blueger wins face-off versus Mika Zibanejad in neutral zone.
0:14 of 2nd period - Snap shot by Martin Necas.
0:14 of 2nd period - Deflect By Patrik Laine.
0:14 of 2nd period - Stopped by Calvin Pickard without a rebound.
0:15 of 2nd period - Dylan Larkin wins face-off versus Steven Stamkos in Detroit Red Wings zone.
0:52 of 2nd period - Zachary Werenski is hit by Damon Severson and loses puck.
1:19 of 2nd period - Snap shot by Carter Verhaeghe.
1:19 of 2nd period - Stopped by David Rittich with a rebound.
1:27 of 2nd period - Carter Verhaeghe is hit by Ethen Frank and loses puck.
1:32 of 2nd period - Slapshot by Adam Fox.
1:32 of 2nd period - Shot Blocked by Jeff Petry.
2:10 of 2nd period - Wrist shot by Carter Verhaeghe.
2:10 of 2nd period - Shot Misses the Net.
2:12 of 2nd period - Slapshot by Carter Verhaeghe.
2:12 of 2nd period - Stopped by David Rittich with a rebound.
2:40 of 2nd period - Slapshot by Mika Zibanejad.
2:40 of 2nd period - Shot Blocked by Brady Skjei.
2:50 of 2nd period - Snap shot by Patrik Laine.
2:50 of 2nd period - Shot Blocked by Shayne Gostisbehere.
2:52 of 2nd period - Snap shot by Patrik Laine.
2:52 of 2nd period - Shot Blocked by Tyler Johnson.
3:02 of 2nd period - Slapshot by Patrik Laine.
3:02 of 2nd period - Shot Blocked by Jackson LaCombe.
3:04 of 2nd period - Slapshot by Adam Fox.
3:04 of 2nd period - Deflect By Shayne Gostisbehere.
3:04 of 2nd period - Stopped by Calvin Pickard with a rebound.
3:06 of 2nd period - Wrist shot by Patrik Laine.
3:06 of 2nd period - Shot Misses the Net.
3:08 of 2nd period - Slapshot by Martin Necas.
3:08 of 2nd period - Stopped by Calvin Pickard with a rebound.
3:10 of 2nd period - Snap shot by Martin Necas.
3:10 of 2nd period - Stopped by Calvin Pickard with a rebound.
3:12 of 2nd period - Slapshot by Martin Necas.
3:12 of 2nd period - Shot Blocked by Shayne Gostisbehere.
3:14 of 2nd period - Snap shot by Teddy Blueger.
3:14 of 2nd period - Shot Misses the Net.
3:16 of 2nd period - Slapshot by Adam Fox.
3:16 of 2nd period - Shot Blocked by Carter Verhaeghe.
3:18 of 2nd period - Snap shot by Patrik Laine.
3:18 of 2nd period - Shot Blocked by Mika Zibanejad.
3:20 of 2nd period - Slapshot by Martin Necas.
3:20 of 2nd period - Stopped by Calvin Pickard without a rebound.
3:21 of 2nd period - Dylan Larkin wins face-off versus Steven Stamkos in Detroit Red Wings zone.
3:22 of 2nd period - Slapshot by Vladimir Tarasenko.
3:22 of 2nd period - Goal by Vladimir Tarasenko - Detroit Red Wings : 1 - Montreal Canadiens : 1.
3:23 of 2nd period - Steven Stamkos wins face-off versus Vladimir Tarasenko in neutral zone.
3:28 of 2nd period - Snap shot by Patrick Kane.
3:28 of 2nd period - Shot Misses the Net.
3:30 of 2nd period - Slapshot by Erik Brannstrom.
3:30 of 2nd period - Deflect By Dylan Larkin.
3:30 of 2nd period - Stopped by David Rittich with a rebound.
3:32 of 2nd period - Backhand shot by Erik Brannstrom.
3:32 of 2nd period - Shot Misses the Net.
3:34 of 2nd period - Snap shot by Patrick Kane.
3:34 of 2nd period - Deflect By Jared McCann.
3:34 of 2nd period - Shot Misses the Net.
3:34 of 2nd period - Puck is out of play.
3:35 of 2nd period - Steven Stamkos wins face-off versus Dylan Larkin in Montreal Canadiens zone.
3:42 of 2nd period - Patrick Kane is hit by Juraj Slafkovsky and loses puck.
4:01 of 2nd period - Ryan Poehling is hit by Yakov Trenin and loses puck.
4:07 of 2nd period - Off-side.
4:08 of 2nd period - Teddy Blueger wins face-off versus Yakov Trenin in neutral zone.
4:40 of 2nd period - Snap shot by Erik Brannstrom.
4:40 of 2nd period - Shot Blocked by Martin Necas.
4:42 of 2nd period - Wrist shot by Christian Fischer.
4:42 of 2nd period - Shot Misses the Net.
4:44 of 2nd period - Slapshot by Zach Bogosian.
4:44 of 2nd period - Stopped by David Rittich without a rebound.
4:45 of 2nd period - Steven Stamkos wins face-off versus Juraj Slafkovsky in Montreal Canadiens zone.
4:54 of 2nd period - Wrist shot by Steven Stamkos.
4:54 of 2nd period - Stopped by David Rittich without a rebound.
4:55 of 2nd period - Steven Stamkos wins face-off versus Vladimir Tarasenko in Montreal Canadiens zone.
5:58 of 2nd period - Wrist shot by Dylan Larkin.
5:58 of 2nd period - Deflect By Vladimir Tarasenko.
5:58 of 2nd period - Shot Blocked by Zachary Werenski.
5:58 of 2nd period - Puck is out of play.
5:59 of 2nd period - Mika Zibanejad wins face-off versus Teddy Blueger in Detroit Red Wings zone.
6:41 of 2nd period - Icing by Ilya Lyubushkin.
6:42 of 2nd period - Kevin Stenlund wins face-off versus Ethen Frank in Montreal Canadiens zone.
6:47 of 2nd period - Slapshot by Shayne Gostisbehere.
6:47 of 2nd period - Stopped by David Rittich without a rebound.
6:48 of 2nd period - Kevin Stenlund wins face-off versus Ethen Frank in Montreal Canadiens zone.
7:14 of 2nd period - Keegan Kolesar is hit by Brady Skjei and loses puck.
8:20 of 2nd period - Snap shot by Alex Iafallo.
8:20 of 2nd period - Shot Misses the Net.
8:22 of 2nd period - Slapshot by Jayden Struble.
8:22 of 2nd period - Shot Misses the Net.
9:50 of 2nd period - Wrist shot by Alex Iafallo.
9:50 of 2nd period - Stopped by Calvin Pickard with a rebound.
10:34 of 2nd period - Slapshot by Alex Iafallo.
10:34 of 2nd period - Shot Misses the Net.
10:36 of 2nd period - Snap shot by Ethen Frank.
10:36 of 2nd period - Shot Misses the Net.
10:38 of 2nd period - Snap shot by Jack Johnson.
10:38 of 2nd period - Stopped by Calvin Pickard with a rebound.
10:40 of 2nd period - Slapshot by Jayden Struble.
10:40 of 2nd period - Stopped by Calvin Pickard with a rebound.
10:42 of 2nd period - Slapshot by Jack Johnson.
10:42 of 2nd period - Shot Misses the Net.
10:44 of 2nd period - Snap shot by Ethen Frank.
10:44 of 2nd period - Stopped by Calvin Pickard with a rebound.
11:06 of 2nd period - Slapshot by Alex Iafallo.
11:06 of 2nd period - Stopped by Calvin Pickard without a rebound.
11:07 of 2nd period - Mika Zibanejad wins face-off versus Dylan Larkin in Detroit Red Wings zone.
11:53 of 2nd period - Wrist shot by Vladimir Tarasenko.
11:53 of 2nd period - Shot Misses the Net.
11:55 of 2nd period - Backhand shot by Vladimir Tarasenko.
11:55 of 2nd period - Goal by Vladimir Tarasenko - Detroit Red Wings : 1 - Montreal Canadiens : 2.
11:56 of 2nd period - Teddy Blueger wins face-off versus Mika Zibanejad in neutral zone.
14:50 of 2nd period - Teddy Blueger is hit by Carter Verhaeghe and loses puck.
16:02 of 2nd period - Adam Fox is hit by Steven Stamkos and loses puck.
16:17 of 2nd period - Damon Severson is hit by Mika Zibanejad and loses puck.
18:19 of 2nd period - Icing by Shayne Gostisbehere.
18:20 of 2nd period - Dylan Larkin wins face-off versus Mika Zibanejad in Detroit Red Wings zone.
18:29 of 2nd period - Ryan Poehling is hit by Mika Zibanejad and loses puck.
Goals for this period are 0 for Detroit Red Wings vs 2 for Montreal Canadiens.
Shots for this period are 6 for Detroit Red Wings vs 12 for Montreal Canadiens.
3rd period
0:01 of 3rd period - Mika Zibanejad wins face-off versus Teddy Blueger in neutral zone.
0:08 of 3rd period - Snap shot by Zachary Werenski.
0:08 of 3rd period - Shot Misses the Net.
0:32 of 3rd period - Snap shot by Dylan Larkin.
0:32 of 3rd period - Shot Misses the Net.
0:34 of 3rd period - Wrist shot by Juraj Slafkovsky.
0:34 of 3rd period - Shot Misses the Net.
0:36 of 3rd period - Snap shot by Dylan Larkin.
0:36 of 3rd period - Goal by Dylan Larkin - Detroit Red Wings : 1 - Montreal Canadiens : 3.
0:37 of 3rd period - Steven Stamkos wins face-off versus Teddy Blueger in neutral zone.
0:37 of 3rd period - Zachary Werenski is hit by Adam Fox and loses puck.
1:00 of 3rd period - Minor Penalty to Patrik Laine for Goalie Interference.
1:01 of 3rd period - Steven Stamkos wins face-off versus Aliaksei Protas in Montreal Canadiens zone.
1:33 of 3rd period - Snap shot by Carter Verhaeghe.
1:33 of 3rd period - Shot Blocked by Brady Skjei.
1:35 of 3rd period - Wrist shot by Mika Zibanejad.
1:35 of 3rd period - Stopped by David Rittich with a rebound.
1:49 of 3rd period - Andreas Athanasiou is hit by Steven Stamkos and loses puck.
3:00 of 3rd period - Penalty to Patrik Laine is over, Patrik Laine is back on ice.
3:14 of 3rd period - Wrist shot by Vladimir Tarasenko.
3:14 of 3rd period - Goal by Vladimir Tarasenko - Detroit Red Wings : 1 - Montreal Canadiens : 4.
3:15 of 3rd period - Mika Zibanejad wins face-off versus Dylan Larkin in neutral zone.
3:40 of 3rd period - Brady Skjei is hit by Christian Fischer and loses puck.
3:45 of 3rd period - Wrist shot by Daniel Sprong.
3:45 of 3rd period - Shot Blocked by Patrik Laine.
3:47 of 3rd period - Slapshot by Christian Fischer.
3:47 of 3rd period - Stopped by David Rittich with a rebound.
3:49 of 3rd period - Slapshot by Yakov Trenin.
3:49 of 3rd period - Stopped by David Rittich without a rebound.
3:50 of 3rd period - Dylan Larkin wins face-off versus Steven Stamkos in Montreal Canadiens zone.
3:50 of 3rd period - Dylan Larkin is hit by Patrick Kane.
3:56 of 3rd period - Backhand shot by Steven Stamkos.
3:56 of 3rd period - Stopped by David Rittich without a rebound.
3:57 of 3rd period - Dylan Larkin wins face-off versus Jared McCann in Montreal Canadiens zone.
4:20 of 3rd period - Snap shot by Patrick Kane.
4:20 of 3rd period - Stopped by David Rittich with a rebound.
4:28 of 3rd period - Backhand shot by Jared McCann.
4:28 of 3rd period - Deflect By Patrick Kane.
4:28 of 3rd period - Stopped by David Rittich with a rebound.
4:30 of 3rd period - Wrist shot by Jeff Petry.
4:30 of 3rd period - Deflect By Steven Stamkos.
4:30 of 3rd period - Shot Misses the Net.
4:30 of 3rd period - Puck is out of play.
4:31 of 3rd period - Mika Zibanejad wins face-off versus Teddy Blueger in Montreal Canadiens zone.
4:38 of 3rd period - Wrist shot by Mika Zibanejad.
4:38 of 3rd period - Shot Misses the Net.
5:01 of 3rd period - Wrist shot by Aliaksei Protas.
5:01 of 3rd period - Goal by Aliaksei Protas - Detroit Red Wings : 1 - Montreal Canadiens : 5.
5:02 of 3rd period - Teddy Blueger wins face-off versus Mika Zibanejad in neutral zone.
5:07 of 3rd period - Snap shot by Martin Necas.
5:07 of 3rd period - Stopped by Calvin Pickard without a rebound.
5:08 of 3rd period - Teddy Blueger wins face-off versus Mika Zibanejad in Detroit Red Wings zone.
5:20 of 3rd period - Minor Penalty to Brady Skjei for Slashing.
5:21 of 3rd period - Mika Zibanejad wins face-off versus Andreas Athanasiou in Montreal Canadiens zone.
5:21 of 3rd period - Wrist shot by Carter Verhaeghe.
5:21 of 3rd period - Shot Blocked by Adam Fox.
5:23 of 3rd period - Wrist shot by Shayne Gostisbehere.
5:23 of 3rd period - Stopped by David Rittich with a rebound.
5:25 of 3rd period - Slapshot by Carter Verhaeghe.
5:25 of 3rd period - Shot Blocked by Damon Severson.
5:27 of 3rd period - Snap shot by Mika Zibanejad.
5:27 of 3rd period - Goal by Mika Zibanejad - Detroit Red Wings : 2 - Montreal Canadiens : 5.
5:28 of 3rd period - Teddy Blueger wins face-off versus Steven Stamkos in neutral zone.
6:26 of 3rd period - Snap shot by Aliaksei Protas.
6:26 of 3rd period - Stopped by Calvin Pickard without a rebound.
6:27 of 3rd period - Teddy Blueger wins face-off versus Steven Stamkos in Detroit Red Wings zone.
6:58 of 3rd period - Slapshot by Aliaksei Protas.
6:58 of 3rd period - Stopped by Calvin Pickard without a rebound.
6:59 of 3rd period - Mika Zibanejad wins face-off versus Ryan Poehling in Detroit Red Wings zone.
7:04 of 3rd period - Slapshot by Zachary Werenski.
7:04 of 3rd period - Shot Hit the Post.
7:43 of 3rd period - Minor Penalty to Brendan Gallagher for Tripping.
7:44 of 3rd period - Teddy Blueger wins face-off versus Kevin Stenlund in Detroit Red Wings zone.
7:54 of 3rd period - Wrist shot by Patrik Laine.
7:54 of 3rd period - Shot Misses the Net.
7:56 of 3rd period - Slapshot by Vladimir Tarasenko.
7:56 of 3rd period - Stopped by Calvin Pickard without a rebound.
7:57 of 3rd period - Teddy Blueger wins face-off versus Kevin Stenlund in Detroit Red Wings zone.
9:43 of 3rd period - Penalty to Brendan Gallagher is over, Brendan Gallagher is back on ice.
9:53 of 3rd period - Yakov Trenin is hit by Evgeni Dadonov and loses puck.
11:02 of 3rd period - Off-side.
11:03 of 3rd period - Steven Stamkos wins face-off versus Ethen Frank in neutral zone.
11:28 of 3rd period - Keegan Kolesar is hit by Damon Severson and loses puck.
11:39 of 3rd period - Slapshot by Keegan Kolesar.
11:39 of 3rd period - Shot Misses the Net.
11:47 of 3rd period - Minor Penalty to Zach Bogosian for Interference.
11:48 of 3rd period - Dylan Larkin wins face-off versus Keegan Kolesar in Detroit Red Wings zone.
11:51 of 3rd period - Snap shot by Martin Necas.
11:51 of 3rd period - Shot Blocked by Yakov Trenin.
11:53 of 3rd period - Snap shot by Dylan Larkin.
11:53 of 3rd period - Stopped by Calvin Pickard with a rebound.
11:55 of 3rd period - Wrist shot by Martin Necas.
11:55 of 3rd period - Stopped by Calvin Pickard with a rebound.
11:57 of 3rd period - Slapshot by Adam Fox.
11:57 of 3rd period - Shot Blocked by Yakov Trenin.
11:59 of 3rd period - Wrist shot by Juraj Slafkovsky.
11:59 of 3rd period - Shot Misses the Net.
12:01 of 3rd period - Snap shot by Martin Necas.
12:01 of 3rd period - Stopped by Calvin Pickard with a rebound.
12:03 of 3rd period - Slapshot by Damon Severson.
12:03 of 3rd period - Shot Blocked by Jeff Petry.
12:05 of 3rd period - Slapshot by Adam Fox.
12:05 of 3rd period - Stopped by Calvin Pickard with a rebound.
12:21 of 3rd period - Snap shot by Adam Fox.
12:21 of 3rd period - Shot Blocked by Yakov Trenin.
13:47 of 3rd period - Penalty to Zach Bogosian is over, Zach Bogosian is back on ice.
13:55 of 3rd period - Snap shot by Aliaksei Protas.
13:55 of 3rd period - Shot Blocked by Erik Brannstrom.
13:57 of 3rd period - Wrist shot by Aliaksei Protas.
13:57 of 3rd period - Deflect By Steven Stamkos.
13:57 of 3rd period - Shot Misses the Net.
13:57 of 3rd period - Puck is out of play.
13:58 of 3rd period - Ryan Poehling wins face-off versus Steven Stamkos in Detroit Red Wings zone.
14:53 of 3rd period - Snap shot by Keegan Kolesar.
14:53 of 3rd period - Stopped by David Rittich without a rebound.
14:54 of 3rd period - Yakov Trenin wins face-off versus Patrik Laine in Montreal Canadiens zone.
14:55 of 3rd period - Slapshot by Daniel Sprong.
14:55 of 3rd period - Stopped by David Rittich with a rebound.
15:09 of 3rd period - Snap shot by Martin Necas.
15:09 of 3rd period - Stopped by Calvin Pickard without a rebound.
15:10 of 3rd period - Dylan Larkin wins face-off versus Mika Zibanejad in Detroit Red Wings zone.
15:19 of 3rd period - Dylan Larkin is hit by Jeff Petry and loses puck.
15:26 of 3rd period - Wrist shot by Carter Verhaeghe.
15:26 of 3rd period - Shot Misses the Net.
15:36 of 3rd period - Vladimir Tarasenko is hit by Yakov Trenin and loses puck.
15:49 of 3rd period - Slapshot by Shayne Gostisbehere.
15:49 of 3rd period - Stopped by David Rittich without a rebound.
15:50 of 3rd period - Steven Stamkos wins face-off versus Teddy Blueger in Montreal Canadiens zone.
15:51 of 3rd period - Wrist shot by Patrick Kane.
15:51 of 3rd period - Shot Misses the Net.
15:55 of 3rd period - Slapshot by Patrick Kane.
15:55 of 3rd period - Stopped by David Rittich without a rebound.
15:56 of 3rd period - Teddy Blueger wins face-off versus Steven Stamkos in Montreal Canadiens zone.
16:04 of 3rd period - Minor Penalty to Ilya Lyubushkin for Roughing.
16:05 of 3rd period - Aliaksei Protas wins face-off versus Mika Zibanejad in Montreal Canadiens zone.
16:15 of 3rd period - Slapshot by Mika Zibanejad.
16:15 of 3rd period - Goal by Mika Zibanejad - Detroit Red Wings : 3 - Montreal Canadiens : 5.
16:16 of 3rd period - Yakov Trenin wins face-off versus Aliaksei Protas in neutral zone.
16:23 of 3rd period - Snap shot by Christian Fischer.
16:23 of 3rd period - Stopped by David Rittich with a rebound.
16:29 of 3rd period - Snap shot by Daniel Sprong.
16:29 of 3rd period - Shot Misses the Net.
16:48 of 3rd period - Wrist shot by Shayne Gostisbehere.
16:48 of 3rd period - Shot Misses the Net.
16:50 of 3rd period - Slapshot by Steven Stamkos.
16:50 of 3rd period - Stopped by David Rittich with a rebound.
17:00 of 3rd period - Wrist shot by Brady Skjei.
17:00 of 3rd period - Shot Misses the Net.
17:02 of 3rd period - Slapshot by Adam Fox.
17:02 of 3rd period - Deflect By Martin Necas.
17:02 of 3rd period - Stopped by Calvin Pickard without a rebound.
17:03 of 3rd period - Mika Zibanejad wins face-off versus Teddy Blueger in Detroit Red Wings zone.
17:16 of 3rd period - Slapshot by Mika Zibanejad.
17:16 of 3rd period - Shot Blocked by Damon Severson.
17:44 of 3rd period - Icing by Zachary Werenski.
17:45 of 3rd period - Ryan Poehling wins face-off versus Mika Zibanejad in Detroit Red Wings zone.
17:59 of 3rd period - Wrist shot by Mika Zibanejad.
17:59 of 3rd period - Stopped by David Rittich with a rebound.
18:01 of 3rd period - Snap shot by Carter Verhaeghe.
18:01 of 3rd period - Shot Misses the Net.
18:03 of 3rd period - Slapshot by Zachary Werenski.
18:03 of 3rd period - Deflect By Adam Fox.
18:03 of 3rd period - Stopped by David Rittich with a rebound.
18:05 of 3rd period - Snap shot by Mika Zibanejad.
18:05 of 3rd period - Shot Misses the Net.
18:07 of 3rd period - Slapshot by Tyler Johnson.
18:07 of 3rd period - Stopped by David Rittich with a rebound.
18:09 of 3rd period - Slapshot by Jeff Petry.
18:09 of 3rd period - Stopped by David Rittich without a rebound.
18:10 of 3rd period - Dylan Larkin wins face-off versus Yakov Trenin in Montreal Canadiens zone.
18:19 of 3rd period - Wrist shot by Dylan Larkin.
18:19 of 3rd period - Deflect By Vladimir Tarasenko.
18:19 of 3rd period - Stopped by Calvin Pickard with a rebound.
18:25 of 3rd period - Wrist shot by Daniel Sprong.
18:25 of 3rd period - Stopped by David Rittich without a rebound.
18:26 of 3rd period - Steven Stamkos wins face-off versus Ryan Poehling in Montreal Canadiens zone.
18:35 of 3rd period - Slapshot by Jared McCann.
18:35 of 3rd period - Deflect By Patrick Kane.
18:35 of 3rd period - Shot Misses the Net.
18:35 of 3rd period - Puck is out of play.
18:36 of 3rd period - Ryan Poehling wins face-off versus Steven Stamkos in Montreal Canadiens zone.
18:36 of 3rd period - Ryan Poehling is hit by Steven Stamkos.
18:46 of 3rd period - Slapshot by Adam Fox.
18:46 of 3rd period - Stopped by Calvin Pickard without a rebound.
18:47 of 3rd period - Yakov Trenin wins face-off versus Ryan Poehling in Detroit Red Wings zone.
19:20 of 3rd period - Zachary Werenski is hit by Adam Fox and loses puck.
Goals for this period are 2 for Detroit Red Wings vs 3 for Montreal Canadiens.
Shots for this period are 20 for Detroit Red Wings vs 15 for Montreal Canadiens.
Back to the Top